 Dungeon Crawl Stone Soup version 0.29-a0-275-g389c0b56f3 (webtiles) character file.

Game seed: 9293100420399183818

7763 sanka the Nimble (level 11, -20/80 HPs)
             Began as a Gnoll Monk on Mar 11, 2022.
             Was a High Priest of Hepliaklqana.
             Demolished by a two-headed ogre
             ... wielding a +0 giant spiked club
              (25 damage)
             ... on level 9 of the Dungeon.
             The game lasted 00:19:57 (11795 turns).

sanka the Nimble (Gnoll Monk)                      Turns: 11795, Time: 00:19:58

Health: -20/80     AC: 15    Str: 12    XL:     11   Next: 20%
Magic:  20/20      EV: 12    Int: 12    God:    Hepliaklqana [*****.]
Gold:   1348       SH:  0    Dex: 15    Spells: 22/22 levels left

rFire   + . .      SeeInvis .   K - +8 quarterstaff of Valuable Assets {drain, Will+}
rCold   + . .      Faith    +   (shield currently unavailable)
rNeg    + . .      Spirit   .   E - +4 chain mail {rC+}
rPois   .          Reflect  .   (no helmet)
rElec   +          Harm     .   k - +0 cloak
rCorr   .          Rampage  .   (no gloves)
Will    ++...                   (no boots)
Stlth   ..........              B - amulet of faith
HPRegen 0.23/turn               N - ring "Ogympoh" {rF+ Will+ Slay+4}
MPRegen 0.17/turn               v - ring "Kodutick" {rElec rN+ EV+4}

@: confused, ambrosia-drunk
A: reduced essence, fangs 1, strong nose, distributed training
a: Renounce Religion, Recall Ancestor, Ancestor Identity, Transference, Idealise


You were on level 9 of the Dungeon.
You worshipped Hepliaklqana.
Hepliaklqana was extremely pleased with you.
You visited 1 branch of the dungeon, and saw 10 of its levels.

You collected 1381 gold pieces.
You spent 33 gold pieces at shops.


Innate Abilities, Weirdness & Mutations

Your life essence is reduced to manifest your ancestor. (-10% HP)
You have very sharp teeth.
Your uncanny sense of smell can sniff out nearby items.
Your experience applies equally to all skills.


   Skills:
 + Level 9.0 Fighting
 + Level 6.0 Short Blades
 + Level 6.0 Long Blades
 + Level 9.0 Axes
 + Level 6.0 Maces & Flails
 + Level 6.0 Polearms
 + Level 6.0 Staves
 + Level 6.0 Slings
 + Level 6.0 Bows
 + Level 6.0 Crossbows
 + Level 6.0 Throwing
 + Level 6.0 Armour
 + Level 9.0 Dodging
 + Level 7.4 Stealth
 + Level 6.0 Shields
 + Level 6.0 Unarmed Combat
 + Level 6.0 Spellcasting
 + Level 5.0 Conjurations
 + Level 5.0 Hexes
 + Level 5.0 Summonings
 + Level 5.0 Necromancy
 + Level 5.0 Translocations
 + Level 5.0 Transmutations
 + Level 5.0 Fire Magic
 + Level 5.0 Ice Magic
 + Level 5.0 Air Magic
 + Level 5.0 Earth Magic
 + Level 5.0 Poison Magic
 + Level 6.6 Invocations
 + Level 6.0 Evocations


You had 22 spell levels left.
You didn't know any spells.
Your spell library contained the following spells:

 Spells                   Type           Power      Damage    Failure   Level
 Animate Skeleton         Necr           30%        N/A       54%         1
 Apportation              Tloc           30%        N/A       54%         1
 Freeze                   Ice            60%        1d8       54%         1
 Pain                     Necr           60%        1d7       54%         1
 Summon Small Mammal      Summ           60%        N/A       54%         1
 Call Canine Familiar     Summ           15%        N/A       89%         3
 Dazzling Flash           Conj/Hex       30%        N/A       89%         3
 Frozen Ramparts          Ice            30%        1d5       89%         3
 Portal Projectile        Hex/Tloc       30%        N/A       89%         3
 Hailstorm                Conj/Ice       15%        3d5       100%        4
 Leda's Liquefaction      Hex/Erth       7%         N/A       100%        4
 Olgreb's Toxic Radiance  Pois           15%        N/A       100%        4
 Agony                    Necr           15%        N/A       100%        5
 Excruciating Wounds      Necr           7%         N/A       100%        5
 Silence                  Hex/Air        7%         N/A       100%        5
 Ozocubu's Refrigeration  Ice            7%         4d6       100%        7
 Ignition                 Fire           7%         3d5       100%        8

Inventory:

Hand Weapons
 a - a +0 hand axe
 b - a +0 halberd
 y - a +2 dagger of draining
 D - a +3 dire flail of protection
 I - a +0 broad axe
 K - the +8 quarterstaff of Valuable Assets (weapon) {drain, Will+} A truly terrible weapon, it drains the life of any living foe it strikes. Will: It increases your willpower.
 P - a +0 trident of distortion
Missiles
 u - a throwing net (quivered) {=f}
 H - 14 boomerangs
Armour
 k - a +0 cloak (worn)
 n - a +0 robe
 E - a +4 chain mail of cold resistance (worn)
Jewellery
 l - a ring of see invisible
 m - a ring of ice
 v - the ring "Kodutick" (right hand) {rElec rN+ EV+4}

   [ring of evasion]

   EV:        It affects your evasion (+4).
   rElec:     It insulates you from electricity.
   rN:        It protects you from negative energy.
 x - a +6 ring of dexterity
 B - an amulet of faith (around neck)
 N - the ring "Ogympoh" (left hand) {rF+ Will+ Slay+4}

   [ring of slaying]

   Slay:      It affects your accuracy & damage with ranged weapons and melee
   (+4).
   rF:        It protects you from fire.
   Will:      It increases your willpower.
Wands
 A - a wand of acid (4)
 G - a wand of flame (45)
Scrolls
 f - 4 scrolls of teleportation {@r4}
 g - 3 scrolls of immolation {!r}
 h - 3 scrolls of enchant weapon {unknown}
 i - 3 scrolls of amnesia
 o - a scroll of magic mapping
 q - 2 scrolls of noise {unknown}
 t - 2 scrolls of fog {unknown}
 w - a scroll of vulnerability {unknown}
 C - 2 scrolls of blinking
 J - 5 scrolls of identify {@r1}
 O - 4 scrolls of fear {unknown}
Potions
 d - 2 potions of lignification {!q}
 e - a potion of resistance {unknown}
 j - 5 potions of might
 p - a potion of magic {unknown}
 r - 5 potions of curing {@q1}
 s - a potion of berserk rage {unknown}
 z - a potion of haste {@q3}
 F - 2 potions of degeneration {unknown}
 L - a potion of attraction {unknown}
 M - 3 potions of brilliance {unknown}

Dungeon Overview and Level Annotations

Branches:
Dungeon (10/15)            Temple (0/1) D:4            Lair (0/6) D:8
    Orc (0/2) D:9

Altars:
Cheibriados
Dithmenos
Fedhas
Hepliaklqana
Kikubaaqudgha
Makhleb
Qazlal
Ru
Uskayaw
Vehumet
Wu Jian

Shops:
D:4 ( D:6

* ▒▒▒ ▒▒▒
▒.▒▒▒▒▒▒▒▒▒▒▒▒.▒▒▒
▒............▒....
▒.▒▒▒▒▒▒▒▒▒▒.▒.▒▒▒
▒.▒ ▒.▒.▒ ▒g▒ ▒.▒.▒
▒▒▒O▒▒▒▒▒▒ ▒.▒.▒
▒..K.....▒▒▒▒▒.▒R▒▒▒
▒..>................
▒................▒.▒
▒........▒▒▒▒▒▒▒(▒.▒
▒........▒ ▒.▒.▒
▒........▒ ▒.▒.▒
▒........▒ ▒.▒.▒


You could see a two-headed ogre and a kobold brigand.


Message History

The stone arrow hits the kobold brigand!
The two-headed ogre hits you with a +0 giant spiked club!!
* * * LOW HITPOINT WARNING * * *
The two-headed ogre hits you with a +0 giant club.
* * * LOW HITPOINT WARNING * * *
The gnoll closely misses you.
The shadow imp hits you but does no damage.
The kobold brigand closely misses Londisizwe.
The kobold barely misses Londisizwe.
You climb upwards.
* * * LOW HITPOINT WARNING * * *
You feel very sick.
There is a stone staircase leading down here.
Unknown command.
Unknown command.
It was a potion of curing.
The kobold brigand hits you but does no damage.
Unknown command.
The kobold brigand attacks as you move away!
The kobold brigand misses you.
There is an open door here.
You are confused.
You feel invigorated.
The two-headed ogre completely misses you.
The two-headed ogre barely misses you.
You bump into the rock wall.
The two-headed ogre hits you with a +0 giant spiked club!!
* * * LOW HITPOINT WARNING * * *
The two-headed ogre hits you with a +0 giant club!!
You die...

Action                   |  1- 3 |  4- 6 |  7- 9 | 10-12 || total
-------------------------+-------+-------+-------+-------++-------
Melee: Hand axe          |    96 |    62 |       |       ||   158
       Bite              |    11 |    16 |    29 |    14 ||    70
       Halberd           |       |    20 |       |       ||    20
       Punch             |       |     1 |     4 |       ||     5
       Dagger            |       |    22 |    92 |       ||   114
       Quarterstaff      |       |       |    46 |   107 ||   153
       Dire flail        |       |       |    25 |       ||    25
Invok: Ancestor Life: Ba |       |     1 |       |       ||     1
Evoke: Wand              |       |       |       |     2 ||     2
  Use: Scroll            |       |       |     8 |       ||     8
       Potion            |       |       |       |     2 ||     2
 Stab: Sleeping          |     9 |    11 |     5 |       ||    25
       Distracted        |       |       |     3 |     2 ||     5
Armor: Robe              |    11 |     7 |    11 |       ||    29
       Chain mail        |       |       |    24 |    65 ||    89
Dodge: Dodged            |    67 |    80 |   140 |   114 ||   401

Levels and vault maps discovered:
D:1:      dpeg_arrival_boxes_within_box, layout_loops_cross, minmay_tromino_v4_b
D:2:      layout_rooms, basic_altar
D:3:      layout_basic, ebering_ecumenical_altar_mist
D:4:      layout_basic, lemuel_round_altar, minmay_temple_entry_offerings,
          serial_shops, nicolae_shop_behind_doors, st_stairs_2
D:5:      layout_basic, grunt_temple_overflow_forces_of_nature
D:6:      layout_rooms, minivault_22, nicolae_shop_clearance, uniq_edmund,
          uniq_sigmund
D:7:      layout_basic
D:8:      layout_basic, grunt_temple_overflow_open,
          grunt_temple_overflow_cloverleaf, minmay_lair_entry_grove,
          serial_co_window_serial, co_window_paths_a,
          co_window_of_opportunity_a, co_window_paths_b,
          co_window_of_opportunity_a, co_window_paths_a, co_window_broadway_c,
          co_window_of_opportunity_b, co_window_broadway_c, co_window_corner_cb,
          co_window_paths_c, co_window_unsneaky_path_e, co_window_4corner_b,
          glass_columns_a, glass_columns_b, glass_columns_b, uniq_prince_ribbit1
D:9:      layout_basic, erik_orc_2, grunt_decor_arrowhead
D:10:     cheibrodos_statue_roulette, layout_cross, grunt_tough_drop, uniq_urug

Notes
Turn   | Place    | Note
-------+----------+-------------------------------------------
     0 | D:1      | sanka the Gnoll Monk began the quest for the Orb.
     0 | D:1      | Reached XP level 1. HP: 23/23 MP: 1/1
   332 | D:1      | Reached XP level 2. HP: 25/29 MP: 2/2
  1063 | D:2      | Reached XP level 3. HP: 26/35 MP: 3/3
  1339 | D:2      | Reached skill level 1 in Invocations
  1717 | D:2      | Reached skill level 1 in Short Blades
  1717 | D:2      | Reached skill level 1 in Long Blades
  1717 | D:2      | Reached skill level 1 in Maces & Flails
  1717 | D:2      | Reached skill level 1 in Polearms
  1717 | D:2      | Reached skill level 1 in Staves
  1717 | D:2      | Reached skill level 1 in Slings
  1717 | D:2      | Reached skill level 1 in Bows
  1717 | D:2      | Reached skill level 1 in Crossbows
  1717 | D:2      | Reached skill level 1 in Throwing
  1717 | D:2      | Reached skill level 1 in Armour
  1717 | D:2      | Reached skill level 1 in Shields
  1717 | D:2      | Reached skill level 1 in Unarmed Combat
  1717 | D:2      | Reached skill level 1 in Spellcasting
  1717 | D:2      | Reached skill level 1 in Evocations
  1915 | D:2      | Reached XP level 4. HP: 36/41 MP: 5/5
  2247 | D:2      | Found an ancient bone altar of Kikubaaqudgha.
  2300 | D:2      | Reached skill level 1 in Conjurations
  2300 | D:2      | Reached skill level 1 in Hexes
  2300 | D:2      | Reached skill level 1 in Summonings
  2300 | D:2      | Reached skill level 1 in Necromancy
  2300 | D:2      | Reached skill level 1 in Translocations
  2300 | D:2      | Reached skill level 1 in Transmutations
  2300 | D:2      | Reached skill level 1 in Fire Magic
  2300 | D:2      | Reached skill level 1 in Ice Magic
  2300 | D:2      | Reached skill level 1 in Air Magic
  2300 | D:2      | Reached skill level 1 in Earth Magic
  2300 | D:2      | Reached skill level 1 in Poison Magic
  2673 | D:2      | Found an ancient bone altar of Kikubaaqudgha.
  3119 | D:3      | Found a faded altar of an unknown god.
  3129 | D:3      | Prayed at the altar of an unknown god.
  3129 | D:3      | Became a worshipper of Hepliaklqana the Forgotten
  3129 | D:3      | Reached * piety under Hepliaklqana
  3129 | D:3      | Reached ** piety under Hepliaklqana
  3130 | D:3      | Remembered your ancestor Londisizwe as a battlemage
  3281 | D:3      | Reached *** piety under Hepliaklqana
  3288 | D:3      | Reached XP level 5. HP: 37/42 MP: 6/6
  4472 | D:4      | Found a staircase to the Ecumenical Temple.
  4477 | D:4      | Reached XP level 6. HP: 47/47 MP: 8/8
  4482 | D:4      | Reached skill level 2 in Invocations
  4589 | D:4      | Reached skill level 2 in Short Blades
  4589 | D:4      | Reached skill level 2 in Long Blades
  4589 | D:4      | Reached skill level 2 in Maces & Flails
  4589 | D:4      | Reached skill level 2 in Polearms
  4589 | D:4      | Reached skill level 2 in Staves
  4589 | D:4      | Reached skill level 2 in Slings
  4589 | D:4      | Reached skill level 2 in Bows
  4589 | D:4      | Reached skill level 2 in Crossbows
  4589 | D:4      | Reached skill level 2 in Throwing
  4589 | D:4      | Reached skill level 2 in Armour
  4589 | D:4      | Reached skill level 2 in Shields
  4589 | D:4      | Reached skill level 2 in Unarmed Combat
  4589 | D:4      | Reached skill level 2 in Spellcasting
  4589 | D:4      | Reached skill level 2 in Evocations
  4960 | D:4      | Found an ornate altar of the Wu Jian Council.
  4972 | D:4      | Reached XP level 7. HP: 53/53 MP: 10/10
  5105 | D:4      | Found Goir's Antique Weapon Shop.
  5464 | D:5      | Entered Level 5 of the Dungeon
  5484 | D:5      | Reached skill level 7 in Fighting
  5484 | D:5      | Reached skill level 7 in Axes
  5484 | D:5      | Reached skill level 7 in Dodging
  5555 | D:5      | Reached skill level 2 in Conjurations
  5555 | D:5      | Reached skill level 2 in Hexes
  5555 | D:5      | Reached skill level 2 in Summonings
  5555 | D:5      | Reached skill level 2 in Necromancy
  5555 | D:5      | Reached skill level 2 in Translocations
  5555 | D:5      | Reached skill level 2 in Transmutations
  5555 | D:5      | Reached skill level 2 in Fire Magic
  5555 | D:5      | Reached skill level 2 in Ice Magic
  5555 | D:5      | Reached skill level 2 in Air Magic
  5555 | D:5      | Reached skill level 2 in Earth Magic
  5555 | D:5      | Reached skill level 2 in Poison Magic
  5599 | D:5      | Reached **** piety under Hepliaklqana
  5630 | D:5      | Reached skill level 5 in Stealth
  5637 | D:5      | Reached skill level 3 in Invocations
  5893 | D:5      | Reached XP level 8. HP: 35/60 MP: 12/12
  6107 | D:5      | Found a blossoming altar of Fedhas.
  6116 | D:5      | Reached skill level 3 in Short Blades
  6116 | D:5      | Reached skill level 3 in Long Blades
  6116 | D:5      | Reached skill level 3 in Maces & Flails
  6116 | D:5      | Reached skill level 3 in Polearms
  6116 | D:5      | Reached skill level 3 in Staves
  6116 | D:5      | Reached skill level 3 in Slings
  6116 | D:5      | Reached skill level 3 in Bows
  6116 | D:5      | Reached skill level 3 in Crossbows
  6116 | D:5      | Reached skill level 3 in Throwing
  6116 | D:5      | Reached skill level 3 in Armour
  6116 | D:5      | Reached skill level 3 in Shields
  6116 | D:5      | Reached skill level 3 in Unarmed Combat
  6116 | D:5      | Reached skill level 3 in Spellcasting
  6116 | D:5      | Reached skill level 3 in Evocations
  6239 | D:5      | Found a stormy altar of Qazlal.
  6249 | D:5      | Identified 2 scrolls of acquirement
  6251 | D:5      | Acquired 889 gold pieces
  6253 | D:5      | Acquired the ring "Kodutick" {rElec rN+ EV+4}
  6400 | D:5      | Noticed a yak
  6400 | D:5      | Noticed a yak
  6400 | D:5      | Noticed a yak
  6424 | D:5      | Noticed a yak
  6435 | D:5      | Killed a yak
  6439 | D:5      | Killed a yak
  6441 | D:5      | Killed a yak
  6442 | D:5      | Reached skill level 3 in Conjurations
  6442 | D:5      | Reached skill level 3 in Hexes
  6442 | D:5      | Reached skill level 3 in Summonings
  6442 | D:5      | Reached skill level 3 in Necromancy
  6442 | D:5      | Reached skill level 3 in Translocations
  6442 | D:5      | Reached skill level 3 in Transmutations
  6442 | D:5      | Reached skill level 3 in Fire Magic
  6442 | D:5      | Reached skill level 3 in Ice Magic
  6442 | D:5      | Reached skill level 3 in Air Magic
  6442 | D:5      | Reached skill level 3 in Earth Magic
  6442 | D:5      | Reached skill level 3 in Poison Magic
  6442 | D:5      | Reached skill level 4 in Invocations
  6445 | D:5      | Killed a yak
  6446 | D:5      | Reached XP level 9. HP: 38/64 MP: 14/14
  6644 | D:6      | Noticed Edmund
  6652 | D:6      | Killed Edmund
  6758 | D:6      | Reached skill level 4 in Short Blades
  6758 | D:6      | Reached skill level 4 in Long Blades
  6758 | D:6      | Reached skill level 4 in Maces & Flails
  6758 | D:6      | Reached skill level 4 in Polearms
  6758 | D:6      | Reached skill level 4 in Staves
  6758 | D:6      | Reached skill level 4 in Slings
  6758 | D:6      | Reached skill level 4 in Bows
  6758 | D:6      | Reached skill level 4 in Crossbows
  6758 | D:6      | Reached skill level 4 in Throwing
  6758 | D:6      | Reached skill level 4 in Armour
  6758 | D:6      | Reached skill level 4 in Shields
  6758 | D:6      | Reached skill level 4 in Unarmed Combat
  6758 | D:6      | Reached skill level 4 in Spellcasting
  6758 | D:6      | Reached skill level 4 in Evocations
  6775 | D:6      | Noticed Sigmund
  6783 | D:6      | Killed Sigmund
  6957 | D:6      | Reached skill level 6 in Stealth
  7143 | D:6      | Identified the +8 quarterstaff of Valuable Assets {drain,
                  | Will+}
  7221 | D:6      | Found Ifoith's CLEARANCE SALE!.
  7247 | D:6      | Bought 2 potions of might for 24 gold pieces
  7247 | D:6      | Bought a potion of lignification for 9 gold pieces
  7417 | D:7      | Reached skill level 8 in Fighting
  7417 | D:7      | Reached skill level 8 in Axes
  7417 | D:7      | Reached skill level 8 in Dodging
  7494 | D:7      | Reached skill level 5 in Invocations
  7855 | D:7      | Reached ***** piety under Hepliaklqana
  8215 | D:7      | Reached XP level 10. HP: 70/72 MP: 17/17
  8317 | D:8      | Reached skill level 4 in Conjurations
  8317 | D:8      | Reached skill level 4 in Hexes
  8317 | D:8      | Reached skill level 4 in Summonings
  8317 | D:8      | Reached skill level 4 in Necromancy
  8317 | D:8      | Reached skill level 4 in Translocations
  8317 | D:8      | Reached skill level 4 in Transmutations
  8317 | D:8      | Reached skill level 4 in Fire Magic
  8317 | D:8      | Reached skill level 4 in Ice Magic
  8317 | D:8      | Reached skill level 4 in Air Magic
  8317 | D:8      | Reached skill level 4 in Earth Magic
  8317 | D:8      | Reached skill level 4 in Poison Magic
  8405 | D:8      | Identified the ring "Ogympoh" {rF+ Will+ Slay+4}
  8516 | D:8      | Reached skill level 5 in Short Blades
  8516 | D:8      | Reached skill level 5 in Long Blades
  8516 | D:8      | Reached skill level 5 in Maces & Flails
  8516 | D:8      | Reached skill level 5 in Polearms
  8516 | D:8      | Reached skill level 5 in Staves
  8516 | D:8      | Reached skill level 5 in Slings
  8516 | D:8      | Reached skill level 5 in Bows
  8516 | D:8      | Reached skill level 5 in Crossbows
  8516 | D:8      | Reached skill level 5 in Throwing
  8516 | D:8      | Reached skill level 5 in Armour
  8516 | D:8      | Reached skill level 5 in Shields
  8516 | D:8      | Reached skill level 5 in Unarmed Combat
  8516 | D:8      | Reached skill level 5 in Spellcasting
  8516 | D:8      | Reached skill level 5 in Evocations
  8725 | D:8      | Found a staircase to the Lair.
  8774 | D:8      | Found an ancient bone altar of Kikubaaqudgha.
  8774 | D:8      | Found a snail-covered altar of Cheibriados.
  8806 | D:8      | Found a burning altar of Makhleb.
  8921 | D:8      | Noticed Prince Ribbit
  8927 | D:8      | Killed Prince Ribbit
  9043 | D:8      | Reached skill level 6 in Invocations
  9151 | D:8      | Found a hide-covered altar of Uskayaw.
  9154 | D:8      | Found a radiant altar of Vehumet.
  9157 | D:8      | Found a shadowy altar of Dithmenos.
  9160 | D:8      | Found a sacrificial altar of Ru.
 10134 | D:9      | Noticed a two-headed ogre
 10156 | D:9      | Killed a two-headed ogre
 10157 | D:9      | Reached skill level 7 in Stealth
 10447 | D:9      | HP: 2/73 [orc warrior/+0 trident (8)]
 10777 | D:9      | Noticed a two-headed ogre
 10788 | D:9      | Killed a two-headed ogre
 10789 | D:9      | Reached XP level 11. HP: 78/78 MP: 19/19
 10888 | D:9      | Found a staircase to the Orcish Mines.
 11129 | D:9      | Reached skill level 9 in Fighting
 11129 | D:9      | Reached skill level 6 in Short Blades
 11129 | D:9      | Reached skill level 6 in Long Blades
 11129 | D:9      | Reached skill level 9 in Axes
 11129 | D:9      | Reached skill level 6 in Maces & Flails
 11129 | D:9      | Reached skill level 6 in Polearms
 11129 | D:9      | Reached skill level 6 in Staves
 11129 | D:9      | Reached skill level 6 in Slings
 11129 | D:9      | Reached skill level 6 in Bows
 11129 | D:9      | Reached skill level 6 in Crossbows
 11129 | D:9      | Reached skill level 6 in Throwing
 11129 | D:9      | Reached skill level 6 in Armour
 11129 | D:9      | Reached skill level 9 in Dodging
 11129 | D:9      | Reached skill level 6 in Shields
 11129 | D:9      | Reached skill level 6 in Unarmed Combat
 11129 | D:9      | Reached skill level 6 in Spellcasting
 11129 | D:9      | Reached skill level 6 in Evocations
 11549 | D:9      | Reached skill level 5 in Conjurations
 11549 | D:9      | Reached skill level 5 in Hexes
 11549 | D:9      | Reached skill level 5 in Summonings
 11549 | D:9      | Reached skill level 5 in Necromancy
 11549 | D:9      | Reached skill level 5 in Translocations
 11549 | D:9      | Reached skill level 5 in Transmutations
 11549 | D:9      | Reached skill level 5 in Fire Magic
 11549 | D:9      | Reached skill level 5 in Ice Magic
 11549 | D:9      | Reached skill level 5 in Air Magic
 11549 | D:9      | Reached skill level 5 in Earth Magic
 11549 | D:9      | Reached skill level 5 in Poison Magic
 11774 | D:10     | Entered Level 10 of the Dungeon
 11777 | D:10     | Noticed a two-headed ogre
 11784 | D:10     | Identified +0 steam dragon scales
 11786 | D:10     | Noticed a soul eater
 11789 | D:9      | HP: 5/80 [poisoned by a kobold brigand]
 11795 | D:9      | HP: 5/80 [two-headed ogre/+0 giant spiked club (20)]
 11795 | D:9      | Demolished by a two-headed ogre

Vanquished Creatures
  2 two-headed ogres (D:9)
  A hornet (D:10)
  Prince Ribbit (D:8)
  3 yaks (D:8)
  2 wyverns
  A shadow (D:9)
  A steam dragon (D:7)
  2 water moccasins
  An ogre (D:4)
  5 orc warriors
  A phantom (D:6)
  A centaur (D:5)
  A kobold brigand (D:8)
  A bullfrog (D:8)
  2 necrophages
  An electric eel (D:9)
  3 hounds (D:5)
  2 jellies
  A gnoll shaman (D:8)
  An orc priest (D:9)
  2 iguanas
  An orc wizard (D:9)
  10 gnolls
  7 adders
  2 worms (D:2)
  A dart slug (D:2)
  18 orcs
  7 ball pythons
  4 bats
  4 endoplasms
  4 giant cockroaches
  6 goblins
  6 hobgoblins
  A quokka (D:2)
  2 frilled lizards
  11 kobolds
  A rat (D:2)
120 creatures vanquished.

Vanquished Creatures (collateral kills)
  Sigmund (D:6)
  A wyvern (D:8)
  6 yaks
  A steam dragon (D:10)
  A basilisk (D:8)
  Edmund (D:6)
  2 water moccasins
  2 orc warriors
  A sky beast (D:6)
  A black bear (D:6)
  An ogre (D:5)
  A centaur (D:5)
  A phantom (D:4)
  3 bullfrogs (D:9)
  A necrophage (D:5)
  2 scorpions
  3 howler monkeys
  A hound (D:6)
  7 orc priests
  3 jellies
  A gnoll shaman (D:7)
  3 iguanas
  4 orc wizards
  7 gnolls
  2 dart slugs
  18 orcs
  An endoplasm (D:3)
  2 quokkas
  A bat (D:3)
79 creatures vanquished.

Vanquished Creatures (others)
  3 battlemagi
  An orc (D:5)
  3 fungi (D:8)
  2 plants (D:8)
9 creatures vanquished.

Grand Total: 208 creatures vanquished
